Map: King's Cove LE

Players

TLO - Winner!

  • Race: Zerg Zerg
  • Spawn Location: 5:00

JEROS

  • Race: Terran Terran
  • Spawn Location: 11:00

Event: 2019 WCS Summer

VOD

Have the link to the VOD?

Description

Time

  • Played on: July 12, 2019, 6:48 a.m.
  • Length: 9:51

All games in this series

Show
View Real Time Build Order
Export as new Build Order

TLO Zerg - Winner!

Build Orders: Hatch First 

Get SALT Encoding   

  12  0:00  Drone  
  13  0:12  Overlord  
  13  0:17  Drone  
  14  0:31  Drone x2  
  16  0:49  Hatchery  
  15  0:52  Drone  
  15  0:55  Drone  
  17  0:59  Drone  
  18  1:07  Extractor  
  17  1:15  Spawning Pool  
  16  1:19  Drone  
  16  1:22  Drone  
  18  1:28  Drone  
  19  1:40  Overlord  
  19  2:02  Zergling x4, Queen x2  
  19  2:07  Metabolic Boost  
  25  2:11  Drone  
  25  2:14  Drone  
  27  2:18  Drone  
  27  2:21  Drone  
  29  2:23  Drone  
  30  2:35  Drone x2  
  31  2:46  Hatchery  
  31  2:51  Overlord  
  30  2:53  Drone  
  30  2:54  Drone  
  32  3:01  Queen  
  34  3:07  Overlord  
  34  3:08  Drone  
  34  3:11  Zergling x2  
  36  3:13  Drone  
  36  3:14  Drone  
  36  3:16  Drone  
  36  3:17  Drone  
  40  3:24  Zergling x4  
  40  3:26  Overlord  
  42  3:28  Drone  
  42  3:33  Drone  
  44  3:39  Overlord  
  44  3:43  Queen, Overlord  
  44  3:47  Drone x2  
  48  3:51  Overlord  
  48  3:52  Drone  
  48  3:54  Drone  
  50  3:58  Baneling Nest  
  50  4:00  Drone  
  50  4:02  Drone  
  51  4:05  Drone  
  51  4:08  Queen  
  54  4:11  Drone  
  54  4:12  Drone  
  54  4:14  Drone  
  56  4:17  Zergling x2  
  56  4:18  Overlord  
  56  4:20  Zergling x2  
  58  4:26  Zergling x6  
  58  4:29  Queen  
  63  4:31  Zergling x2  
  63  4:33  Extractor  
  63  4:34  Zergling x4  
  63  4:38  Spore Crawler  
  64  4:40  Spore Crawler  
  64  4:42  Baneling x3  
  64  4:44  Drone x2  
  64  4:45  Baneling  
  65  4:47  Drone  
  65  4:49  Drone  
  65  4:50  Drone  
  65  4:51  Drone  
  69  4:53  Drone  
  69  4:55  Drone  
  69  4:59  Drone  
  72  5:01  Drone  
  72  5:02  Drone  
  72  5:05  Drone x2  
  75  5:07  Drone  
  75  5:08  Drone  
  75  5:09  Drone x2  
  75  5:11  Drone  
  78  5:17  Drone  
  78  5:18  Drone  
  75  5:22  Zergling x4, Drone  
  75  5:23  Zergling x2  
  74  5:29  Evolution Chamber  
  74  5:31  Drone  
  74  5:32  Drone x2  
  74  5:33  Lair  
  74  5:34  Drone  
  70  5:36  Drone  
  70  5:38  Drone  
  70  5:40  Drone  
  70  5:41  Drone  
  70  5:42  Drone  
  71  5:46  Drone x2  
  71  5:48  Extractor  
  72  5:50  Extractor, Spore Crawler  
  72  5:51  Drone  
  72  5:52  Drone, Extractor  
  72  5:53  Drone  
  72  5:55  Extractor  
  69  5:57  Evolution Chamber  
  69  5:59  Evolution Chamber  
  69  6:00  Drone  
  69  6:01  Drone  
  69  6:02  Drone  
  69  6:03  Drone x3  
  71  6:06  Drone  
  72  6:16  Drone  
  73  6:19  Zergling x2  
  73  6:21  Drone x3  
  73  6:24  Drone  
  70  6:26  Drone  
  70  6:29  Drone  
  70  6:30  Drone  
  69  6:33  Drone  
  69  6:34  Drone  
  69  6:35  Spire  
  70  6:44  Drone  
  70  6:46  Drone x2  
  73  6:47  Drone  
  73  6:49  Drone  
  73  6:51  Zergling x2  
  75  6:55  Drone x2  
  77  7:02  Hatchery  
  77  7:03  Zergling x6  
  77  7:06  Drone  
  79  7:10  Zergling x2  
  79  7:12  Zergling x2  
  79  7:15  Zergling x6  
  84  7:16  Drone x2  
  84  7:17  Drone  
  84  7:22  Hatchery  
  86  7:25  Overlord x2  
  84  7:31  Baneling x3  
  84  7:34  Overlord  
  84  7:36  Overlord  
  84  7:47  Mutalisk  
  84  7:48  Mutalisk x6  
  98  7:51  Zerg Flyer Weapons Level 1  
  98  7:53  Mutalisk  
  98  7:54  Mutalisk  
  98  7:58  Mutalisk x2  
  102  8:01  Mutalisk  
  102  8:05  Mutalisk x2  
  110  8:10  Mutalisk  
  110  8:11  Infestation Pit  
  110  8:12  Mutalisk  
  113  8:18  Drone x3  
  118  8:21  Zergling x2  
  118  8:22  Zergling x2  
  118  8:23  Zergling x2  
  118  8:24  Zergling x2  
  118  8:25  Zergling x4  
  124  8:27  Zergling x2  
  124  8:28  Drone  
  124  8:30  Extractor  
  124  8:31  Extractor  
  124  8:34  Drone  
  124  8:36  Drone x3  
  124  8:40  Drone  
  128  8:43  Drone x2  
  128  8:44  Drone x2  
  130  8:49  Drone  
  130  8:50  Drone x3  
  130  8:52  Drone  
  134  9:06  Overlord  
  132  9:13  Overlord  
  132  9:14  Overlord  
  132  9:20  Overlord  
  128  9:26  Overlord  
  128  9:31  Zergling x4  
  129  9:32  Zergling x8  
Show
View Real Time Build Order
Export as new Build Order

JEROS Terran 

Build Orders: Liberator Opening, Reaper Expand, Mech 

Get SALT Encoding   

  12  0:00  SCV  
  13  0:12  SCV  
  14  0:18  Supply Depot  
  14  0:25  SCV  
  15  0:39  SCV  
  15  0:41  Barracks  
  16  0:45  Refinery  
  16  0:52  SCV  
  17  1:04  SCV  
  18  1:16  SCV  
  19  1:28  Orbital Command, Reaper  
  20  1:41  Command Center  
  20  1:48  Supply Depot  
  20  1:54  SCV  
  21  2:00  Marine  
  22  2:06  SCV  
  23  2:12  Factory  
  23  2:13  Refinery  
  23  2:18  SCV  
  23  2:22  Barracks Reactor  
  24  2:30  SCV  
  25  2:42  SCV  
  26  2:53  Orbital Command  
  26  2:54  SCV  
  26  2:58  Starport  
  27  3:04  Hellion x2  
  27  3:05  Barracks Tech Lab  
  31  3:06  SCV  
  32  3:16  Supply Depot  
  32  3:18  SCV  
  33  3:20  SCV  
  33  3:24  Liberator  
  34  3:27  Hellion  
  34  3:28  Hellion  
  34  3:31  SCV  
  34  3:32  SCV  
  42  3:43  SCV  
  42  3:44  SCV  
  42  3:46  Supply Depot  
  45  3:51  Hellion  
  45  3:52  Hellion  
  45  3:55  SCV  
  50  3:56  SCV  
  51  4:07  Liberator, SCV  
  51  4:08  SCV  
  51  4:09  Supply Depot  
  53  4:13  Hellion x2  
  57  4:19  SCV  
  57  4:20  SCV  
  62  4:31  SCV  
  62  4:33  SCV  
  62  4:35  Command Center  
  64  4:41  Supply Depot  
  64  4:43  SCV  
  64  4:45  SCV  
  66  4:47  Hellion  
  66  4:48  Hellion  
  70  5:03  SCV x2  
  70  5:05  Factory  
  72  5:07  Factory  
  72  5:11  Refinery  
  72  5:12  Refinery  
  72  5:13  Armory  
  67  5:15  SCV x2  
  67  5:27  SCV x2  
  63  5:29  Starport Tech Lab, Hellion x2  
  67  5:39  SCV x2  
  64  5:43  Supply Depot  
  64  5:47  Orbital Command  
  62  5:50  Hellion x2  
  62  5:51  SCV x2  
  62  5:55  Supply Depot  
  68  6:00  Siege Tank  
  68  6:03  SCV x2  
  73  6:10  Terran Vehicle Weapons Level 1  
  70  6:12  Hellion x2  
  70  6:14  Barracks Tech Lab  
  70  6:15  SCV  
  70  6:17  Supply Depot  
  75  6:22  Starport Reactor  
  75  6:24  Siege Tank  
  76  6:32  Hellion  
  72  6:35  Factory  
  72  6:37  Orbital Command, Factory  
  72  6:45  Hellion x2  
  77  6:47  SCV x2  
  77  6:50  Refinery  
  77  6:51  Refinery, Supply Depot  
  77  6:52  Supply Depot  
  78  6:57  Siege Tank  
  78  6:58  Siege Tank  
  84  7:04  Armory  
  84  7:05  SCV  
  84  7:06  Starport Reactor  
  84  7:07  SCV  
  86  7:11  SCV  
  86  7:14  Infernal Pre-Igniter  
  87  7:17  Hellion  
  87  7:18  SCV  
  90  7:26  Engineering Bay, SCV  
  90  7:27  SCV  
  90  7:28  Supply Depot  
  92  7:30  SCV  
  93  7:38  SCV  
  93  7:42  Hellion x2  
  98  7:50  Supply Depot  
  98  7:51  SCV x2  
  100  8:00  Command Center  
  100  8:04  Thor  
  106  8:09  Missile Turret  
  106  8:11  Missile Turret  
  106  8:16  SCV x2, Hellion x10  
  108  8:20  SCV  
  108  8:25  Thor  
  115  8:28  SCV  
  116  8:38  SCV  
  116  8:39  SCV  
  111  8:46  Thor  
  111  8:48  Hellion x2  
  95  8:56  Missile Turret  
  95  9:02  Missile Turret  
  95  9:05  Missile Turret  
  95  9:06  Hellion x2  
  95  9:07  Siege Tank  
  96  9:23  Hellion  
  96  9:24  Hellion  
  96  9:26  SCV x2  
Tags
 
Add a new tag
Caveats
  • Supply blocks, unpowered buildings, or Contaminate may cause inaccurate times.
  • Supply counts are checked every 10 seconds.